 Dungeon Crawl Stone Soup version 0.26.0-15-gc6cd9f7 (webtiles) character file.

Game seed: 2022739985205717888

2200 Ubbricas the Cruncher (level 9, -3/68 HPs)
             Began as a Demonspawn Gladiator on Jan 21, 2021.
             Was a Priest of Uskayaw.
             Slain by a two-headed ogre
             ... wielding a cursed -3 giant club
              (19 damage)
             ... on level 8 of the Dungeon.
             The game lasted 00:15:06 (6197 turns).

Ubbricas the Cruncher (Demonspawn Gladiator)        Turns: 6197, Time: 00:15:07

Health: -3/68      AC: 10    Str: 17    XL:     9   Next: 12%
Magic:  0/21       EV:  9    Int:  9    God:    Uskayaw [***...]
Gold:   110        SH:  0    Dex: 22    Spells: 8/8 levels left

rFire    . . .     SeeInvis .   N - +3 quarterstaff (chaos)
rCold    . . .     Faith    .   (shield currently unavailable)
rNeg     . . .     Spirit   +   u - +0 chain mail
rPois    .         Reflect  .   c - +0 helmet
rElec    .         Harm     .   t - scarf {shadows}
rCorr    .         Rampage  .   (no gloves)
Will     .....                  w - +0 pair of boots
Stlth    ..........             z - amulet of guardian spirit
HPRegen  0.21/turn              C - ring of magical power
MPRegen  0.17/turn              W - +6 ring of dexterity

@: no status effects
A: powered by death 3, powered by pain 1, sturdy frame 1
a: Renounce Religion, Stomp, Line Pass


You were on level 8 of the Dungeon.
You worshipped Uskayaw.
Uskayaw was noncommittal.
You visited 2 branches of the dungeon, and saw 9 of its levels.
You also visited: Ossuary.

You collected 539 gold pieces.
You spent 429 gold pieces at shops.

Inventory:

Hand Weapons
 a - a +0 quarterstaff
 G - a +4 flail of protection
 N - a +3 quarterstaff of chaos (weapon)
Missiles
 d - 3 throwing nets
 o - 4 boomerangs (quivered)
 H - 9 silver boomerangs
 I - 21 poisoned darts
Armour
 b - a +0 leather armour
 c - a +0 helmet (worn)
 t - a scarf of shadows (worn)
 u - a +0 chain mail (worn)
 w - a +0 pair of boots (worn)
 O - a +0 cloak of stealth
Jewellery
 j - an uncursed ring of protection from fire
 z - an amulet of guardian spirit (around neck)
 B - an uncursed ring of fire
 C - a ring of magical power (left hand)
 W - a +6 ring of dexterity (right hand)
 Y - an uncursed ring of positive energy
Wands
 K - a wand of flame (13)
 M - a wand of random effects (15)
 S - a wand of iceblast (6)
 X - a wand of acid (5)
Scrolls
 e - a scroll of enchant armour {unknown}
 f - 4 scrolls of teleportation
 g - 3 scrolls of amnesia {unknown}
 h - 2 scrolls of immolation {unknown}
 i - 10 scrolls of identify
 l - 2 scrolls of random uselessness {unknown}
 s - 5 scrolls of remove curse
 y - 2 scrolls of magic mapping {unknown}
 E - a scroll of summoning {unknown}
 F - a scroll of vulnerability {unknown}
 L - a scroll of acquirement {unknown}
 Q - a scroll of fear {unknown}
 T - a scroll of blinking {unknown}
 V - a scroll of enchant weapon {unknown}
Potions
 k - 5 potions of heal wounds
 m - a potion of berserk rage {unknown}
 n - 4 potions of might
 p - 4 potions of curing
 q - 2 potions of magic {unknown}
 r - a potion of lignification {unknown}
 v - 2 potions of haste
 x - a potion of ambrosia {unknown}
 A - 3 potions of flight
 D - a potion of degeneration {unknown}
 J - a potion of invisibility
 P - a potion of mutation
 R - a potion of brilliance {unknown}
 U - 2 potions of attraction {unknown}


   Skills:
 + Level 5.6 Fighting
 * Level 9.7 Staves
 - Level 1.7 Throwing
 - Level 2.6 Dodging
 + Level 4.8 Invocations


You had 8 spell levels left.
You didn't know any spells.
Your spell library contained the following spells:

 Spells                   Type           Power        Failure   Level
 Beastly Appendage        Tmut           0%           98%         1
 Wereblood                Tmut           0%           99%         2
 Spider Form              Tmut/Pois      0%           100%        3
 Ice Form                 Ice/Tmut       0%           100%        4
 Blade Hands              Tmut           0%           100%        5
 Summon Demon             Summ           0%           100%        5
 Summon Forest            Summ/Tloc      0%           100%        5
 Summon Mana Viper        Hex/Summ       0%           100%        5
 Shadow Creatures         Summ           N/A          100%        6
 Summon Hydra             Summ           0%           100%        7


Dungeon Overview and Level Annotations

Branches:
Dungeon (8/15)             Temple (1/1) D:5         Ossuary (visited)
   Lair: D:8-11

Altars:
Ashenzari
Cheibriados
Dithmenos
Elyvilon
Fedhas
Gozag
Hepliaklqana
Kikubaaqudgha
Makhleb
Nemelex Xobeh
Okawaru
Qazlal
Ru
Sif Muna
Trog
Uskayaw
Vehumet
Wu Jian
Xom
Yredelemnul
Zin
The Shining One

Shops:
D:5 !   D:6 (

Annotations:
D:6 3 runed translucent doors, Hienro's ghost, novice DEAE


Innate Abilities, Weirdness & Mutations

You regenerate a lot of health from kills.
You sometimes gain a little power by taking damage.
Your movements are slightly less encumbered by armour. (ER -2)


Message History

The two-headed ogre closely misses you.
Uskayaw will force your foes to share their pain.
Unknown command.
You see here 12 gold pieces.
Okay, then.
Throw: 4 boomerangs
Press: ? - help, Q - select action, (/) - cycle Shift-Dir - straight line, f - two-headed ogre
Aim: a two-headed ogre, wielding a -3 giant club and a +0 giant spiked club (heavily wounded)
You throw a boomerang. The boomerang hits the two-headed ogre.
The two-headed ogre is severely wounded.
You sock the two-headed ogre!
The two-headed ogre goes berserk!
The two-headed ogre is almost dead.
The two-headed ogre barely misses you.
The two-headed ogre hits you with a +0 giant spiked club!
* * * LOW HITPOINT WARNING * * *
Unknown command.
You stomp with the beat, sending a shockwave through the revellers around you!
The two-headed ogre is almost dead.
The two-headed ogre hits you with a cursed -3 giant club!!
You die...

.>...##.######
#.#...........# #
###.###.#
#####.###########.####
# #.# #.# #.....#
#..... # #.# #.#
#.##### ###### # #.#
#.# ##.## # . ..#
#.###...#### # ...
...........# # ...
####...##.# # ##.###@#
# #.# #O# # #.# #.# #.
#.# ... ..... ##...#.
....#.# .#... .


You could see a two-headed ogre (berserk).

Vanquished Creatures
  Edmund (D:4)
  A water moccasin (D:8)
  An ice beast (D:6)
  2 ogres
  A centaur (D:5)
  A big kobold (D:7)
  4 bullfrogs
  2 scorpions
  A water moccasin skeleton (D:7)
  A wyvern skeleton (D:7)
  2 howler monkeys
  A crimson imp (D:7)
  A jelly (D:5)
  3 hounds
  4 human zombies (Ossuary)
  Crazy Yiuf (D:5)
  3 centaur zombies (Ossuary)
  4 orc wizards
  A quasit (D:6)
  2 orc priests
  An iguana (D:5)
  2 worker ants
  A hound zombie (Ossuary)
  4 mummies
  A hound skeleton (D:5)
  4 gnolls (D:4)
  10 adders
  A shadow imp (D:5)
  A white imp (D:5)
  An ufetubus (D:4)
  5 adder zombies
  An adder skeleton (D:7)
  2 worms
  2 leopard geckos (D:7)
  19 orcs
  6 giant cockroaches
  2 gnoll zombies (Ossuary)
  6 goblins
  3 hobgoblins
  7 jackals
  A quokka (D:7)
  4 bats
  A frilled lizard (D:1)
  3 goblin zombies (Ossuary)
  3 hobgoblin zombies (Ossuary)
  A jackal skeleton (D:4)
  3 jackal zombies (Ossuary)
  8 kobolds
  5 kobold zombies (Ossuary)
  A leopard gecko skeleton (D:7)
  4 quokka zombies
  4 rats (D:1)
  6 rat zombies (Ossuary)
160 creatures vanquished.

Vanquished Creatures (others)
  A worm (D:5)
1 creature vanquished.

Grand Total: 161 creatures vanquished

Notes
Turn   | Place    | Note
-------+----------+-------------------------------------------
     0 | D:1      | Ubbricas the Demonspawn Gladiator began the quest for the
                  | Orb.
     0 | D:1      | Reached XP level 1. HP: 16/16 MP: 1/1
   430 | D:1      | Reached skill level 3 in Staves
   488 | D:1      | Gained mutation: You regenerate a little health from kills.
                  | [demonic ancestry]
   488 | D:1      | Reached XP level 2. HP: 18/22 MP: 2/2
  1023 | D:2      | Gained mutation: You regenerate health from kills. [demonic
                  | ancestry]
  1023 | D:2      | Reached XP level 3. HP: 28/28 MP: 3/3
  1237 | D:2      | Found a shadowy altar of Dithmenos.
  1296 | D:2      | Found a glowing golden altar of the Shining One.
  1636 | D:3      | Found a sacrificial altar of Ru.
  1677 | D:3      | Found a blossoming altar of Fedhas.
  1911 | D:3      | Found an iron altar of Okawaru.
  2134 | D:4      | Reached skill level 4 in Staves
  2134 | D:4      | Reached XP level 4. HP: 35/35 MP: 4/4
  2158 | D:4      | Gained mutation: You regenerate a lot of health from kills.
                  | [demonic ancestry]
  2158 | D:4      | Reached XP level 5. HP: 41/41 MP: 5/5
  2270 | D:4      | You fall into a shaft and drop 2 floors!
  2322 | D:6      | Reached skill level 5 in Staves
  2330 | D:5      | Entered Level 5 of the Dungeon
  2373 | D:5      | Gained mutation: Your movements are slightly less
                  | encumbered by armour. (ER -2) [demonic ancestry]
  2373 | D:5      | Reached XP level 6. HP: 41/48 MP: 6/6
  2426 | D:5      | Found a radiant altar of Vehumet.
  2476 | D:5      | Found Duti Fudo's Distillery.
  2485 | D:5      | Bought 2 potions of heal wounds for 110 gold pieces
  2485 | D:5      | Bought a potion of curing for 33 gold pieces
  2485 | D:5      | Bought a potion of curing for 33 gold pieces
  2485 | D:5      | Bought a potion of heal wounds for 55 gold pieces
  2557 | D:4      | Found a sand-covered staircase.
  2569 | Ossuary  | Entered an ossuary
  2650 | Ossuary  | Reached skill level 6 in Staves
  2733 | Ossuary  | Reached XP level 7. HP: 55/55 MP: 7/7
  3023 | D:4      | Reached skill level 7 in Staves
  3059 | D:4      | Noticed Edmund
  3109 | D:4      | Killed Edmund
  3585 | D:5      | Found a staircase to the Ecumenical Temple.
  3593 | Temple   | Entered the Ecumenical Temple
  3837 | D:5      | Reached skill level 8 in Staves
  3837 | D:5      | Gained mutation: You sometimes gain a little power by
                  | taking damage. [demonic ancestry]
  3837 | D:5      | Reached XP level 8. HP: 55/61 MP: 8/8
  3909 | D:5      | Found a hide-covered altar of Uskayaw.
  3920 | D:5      | Noticed a +0 hand axe
  3920 | D:5      | Noticed a +0 dagger
  3927 | D:5      | Became a worshipper of Uskayaw the Reveller
  3941 | D:5      | Found a basalt altar of Yredelemnul.
  3948 | D:5      | Reached * piety under Uskayaw
  4094 | D:5      | Found a runed translucent door.
  4095 | D:5      | Noticed Crazy Yiuf
  4102 | D:5      | Killed Crazy Yiuf
  4102 | D:5      | Reached ** piety under Uskayaw
  4103 | D:5      | Reached skill level 1 in Invocations
  4206 | D:5      | Found an opulent altar of Gozag.
  4293 | D:5      | Reached *** piety under Uskayaw
  4526 | D:5      | Bought a potion of haste for 110 gold pieces
  4526 | D:5      | Bought a potion of mutation for 88 gold pieces
  4580 | D:6      | Reached **** piety under Uskayaw
  4685 | D:6      | Found a runed translucent gate.
  4686 | D:6      | Found a runed translucent gate.
  4686 | D:6      | Found a runed translucent gate.
  4687 | D:6      | Noticed Hienro's ghost (novice DEAE)
  4702 | D:6      | Reached skill level 9 in Staves
  5084 | D:6      | Found Tuzapust's Antique Weapon Shop.
  5439 | D:7      | Reached skill level 5 in Fighting
  5833 | D:7      | Found a shimmering altar of Xom.
  5834 | D:7      | Found a burning altar of Makhleb.
  5969 | D:8      | Reached XP level 9. HP: 68/68 MP: 12/12
  6183 | D:8      | Noticed a two-headed ogre
  6197 | D:8      | Slain by a two-headed ogre

Illustrated notes

Levels and vault maps discovered:
D:1:      mainiacjoe_arrival_reflecting_pool, layout_basic, serial_glass,
          glass_columns_a, glass_columns_a, glass_columns_a, glass_columns_c,
          glass_columns_b, glass_columns_b, glass_columns_b, glass_columns_b,
          glass_columns_a, glass_columns_a, due_unseen_surprise
D:2:      layout_rooms, grunt_dithmenos_smoke_and_mirrors,
          nicolae_tso_carved_into_rock
D:3:      layout_loops_cross, general_overflow_altar, nicolae_ru_awakened_eye,
          fedhas_altar_1
D:4:      layout_basic, gup_ossuary_entry_pyramid, uniq_edmund
D:5:      layout_cave_pools, lemuel_coloured_pillars_altar, lemuel_doored_altar,
          dancing_weapons_uskayaw, lemuel_crystal_altar,
          minmay_temple_entry_statues_fountains, serial_shops, shop,
          uniq_crazy_yiuf_cottage
D:6:      layout_loops_ring, serial_shops, shop, ebering_ghost_rock_garden,
          nicolae_lava_and_water
D:7:      layout_cave_pools, grunt_temple_overflow_champion_of_chaos
D:8:      layout_loops_ring, the_bakery
Temple:   grunt_temple_mini_profane

Skill      XL: |  1  2  3  4  5  6  7  8 |
---------------+-------------------------+-----
Staves         | 3 4 5 6 8 9 |  9.7
Fighting       | 3 4 5 |  5.6
Invocations    | 4 |  4.8
Throwing       | |  1.7
Dodging        | |  2.6

Action                   |  1- 3 |  4- 6 |  7- 9 || total
-------------------------+-------+-------+-------++-------
Melee: Quarterstaff      |    95 |   170 |   312 ||   577
       Flail             |       |       |    72 ||    72
Throw: Boomerang         |       |       |     1 ||     1
Invok: Stomp             |       |       |     1 ||     1
  Use: Scroll            |       |       |     5 ||     5
 Stab: Distracted        |     1 |       |       ||     1
       Paralysed         |       |       |    10 ||    10
Armor: Leather armour    |    23 |       |       ||    23
       Chain mail        |    13 |    82 |   180 ||   275
Dodge: Dodged            |    63 |    65 |   171 ||   299
